 Dungeon Crawl Stone Soup version 0.26.1-2-gb8aa6d0cf2 (webtiles) character file.

Game seed: 13433050224562083203

23932 DearestLeader the Unseen (level 12, -15/51 HPs)
             Began as a Spriggan Enchanter on Mar 18, 2021.
             Was a High Priest of Dithmenos.
             Killed from afar by an ice statue (24 damage)
             ... with a freezing blast
             ... in an ice cave.
             The game lasted 00:46:15 (18896 turns).

DearestLeader the Unseen (Spriggan Enchanter)      Turns: 18896, Time: 00:46:15

Health: -15/51     AC:  5    Str:  4    XL:     12   Next: 76%
Magic:  25/25      EV: 26    Int: 21    God:    Dithmenos [*****.]
Gold:   1239       SH:  5    Dex: 17    Spells: 10/27 levels left

rFire    + + .     SeeInvis +   M - +1 dagger (elec)
rCold    . . .     Faith    .   (shield restricted)
rNeg     . . .     Spirit   .   Z - +2 robe {rF+}
rPois    .         Reflect  +   (helmet restricted)
rElec    .         Harm     .   D - +0 cloak
rCorr    .         Rampage  .   (gloves unavailable)
Will     ++...                  (boots unavailable) Stlth *+++++++++
                                y - amulet of reflection
HPRegen  0.17/turn              q - ring of stealth
MPRegen  0.19/turn              w - ring of protection from fire

@: wreathed by umbra, very quick
A: very small, unfitting armour, see invisible, speed 3
a: Renounce Religion, Shadow Step, Shadow Form


You were in an ice cave.
You worshipped Dithmenos.
Dithmenos was extremely pleased with you.
You visited 3 branches of the dungeon, and saw 16 of its levels.
You also visited: Bailey, Ice Cave and Volcano.

You collected 1239 gold pieces.

Inventory:

Hand Weapons
 M - a +1 dagger of electrocution (weapon)
 T - a +3 vampiric dagger
Missiles
 s - 404 stones
 u - 25 poisoned darts (quivered)
 v - 6 atropa-tipped darts
 O - 5 boomerangs of dispersal
 P - 82 arrows
Armour
 D - a +0 cloak (worn)
 I - a scarf of invisibility
 Y - +0 shadow dragon scales
 Z - a +2 robe of fire resistance (worn)
Jewellery
 a - an uncursed ring of fire
 q - a ring of stealth (left hand)
 w - a ring of protection from fire (right hand)
 y - an amulet of reflection (around neck)
Wands
 b - a wand of flame (20)
 B - a wand of polymorph (7)
 K - a wand of paralysis (16)
 L - a wand of enslavement (12)
 Q - a wand of random effects (12)
 S - a wand of iceblast (9)
 U - a wand of acid (16)
Scrolls
 e - 10 scrolls of teleportation
 f - a scroll of magic mapping
 h - 8 scrolls of enchant weapon
 j - 2 scrolls of fear
 k - 8 scrolls of remove curse
 p - 2 scrolls of blinking
 r - 7 scrolls of enchant armour
 E - 4 scrolls of amnesia {unknown}
 F - a scroll of fog
 G - 2 scrolls of summoning {unknown}
 J - a scroll of immolation {unknown}
 R - a scroll of torment {unknown}
Potions
 c - 4 potions of curing
 d - 4 potions of heal wounds
 g - 6 potions of cancellation
 i - a potion of magic {unknown}
 l - 2 potions of lignification {unknown}
 m - 4 potions of attraction
 n - a potion of resistance {unknown}
 o - 4 potions of flight
 t - 3 potions of brilliance {unknown}
 x - 2 potions of mutation {unknown}
 z - 3 potions of haste {unknown}
 A - 3 potions of might {unknown}
 C - 2 potions of berserk rage {unknown}
 H - 3 potions of invisibility {unknown}
 V - a potion of ambrosia {unknown}
 X - a potion of degeneration {unknown}


   Skills:
 - Level 10.0 Short Blades
 + Level 10.7 Dodging
 + Level 15.6 Stealth
 + Level 8.1 Spellcasting
 + Level 13.9 Hexes
 - Level 5.0 Poison Magic
 + Level 5.4 Invocations


You had 10 spell levels left.
You knew the following spells:

 Your Spells              Type           Power        Failure   Level
a - Corona                Hex            67%          1%          1
b - Ensorcelled Hibernat  Hex/Ice        74%          1%          2
c - Dazzling Flash        Conj/Hex       74%          1%          3
d - Confusing Touch       Hex            61%          1%          3
e - Mephitic Cloud        Conj/Pois/Air  15%          12%         3
f - Metabolic Englaciati  Hex/Ice        18%          12%         5

Your spell library contained the following spells:

 Spells                   Type           Power        Failure   Level
 Slow                     Hex            61%          1%          2
 Tukima's Dance           Hex            61%          1%          3
 Poisonous Vapours        Pois/Air       38%          4%          2
 Leda's Liquefaction      Hex/Erth       18%          4%          4
 Animate Skeleton         Necr           16%          8%          1
 Apportation              Tloc           16%          8%          1
 Magic Dart               Conj           32%          8%          1
 Summon Small Mammal      Summ           32%          8%          1
 Blink                    Tloc           N/A          12%         2
 Call Imp                 Summ           8%           12%         2
 Yara's Violent Unravell  Hex/Tmut       18%          12%         5
 Conjure Flame            Conj/Fire      8%           24%         3
 Gell's Gravitas          Tloc           4%           24%         3
 Petrify                  Tmut/Erth      8%           61%         4
 Bolt of Magma            Conj/Fire/Erth 4%           91%         5
 Freezing Cloud           Conj/Ice/Air   4%           100%        6
 Iron Shot                Conj/Erth      4%           100%        6
 Statue Form              Tmut/Erth      5%           100%        6
 Shatter                  Erth           4%           100%        9


Dungeon Overview and Level Annotations

Branches:
Dungeon (11/15)            Temple (1/1) D:5            Lair (4/6) D:10
  Swamp (0/4) Lair:4       Spider (0/4) Lair:2          Orc (0/2) D:11
 Bailey (visited)           IceCv (1/1)             Volcano (visited)

Altars:
Dithmenos
Elyvilon
Gozag
Kikubaaqudgha
Okawaru
Sif Muna
Trog
Vehumet
Wu Jian
Zin
The Shining One

Annotations:
D:5 3 runed translucent doors, Tiagovsky's ghost, novice GrEE
D:8 2 transporters, kalagan's ghost, novice DECj
Lair:3 exclusion: oklob plant IceCv exclusion: ice statue


Innate Abilities, Weirdness & Mutations

You are very small and have problems with some larger weapons.
You are too small for most types of armour.
You have supernaturally acute eyesight. (SInv)
You cover ground extremely quickly.


Message History

You completely miss the ice statue.
You hit the ice statue but do no damage.
Your shadow hits the ice statue but does no damage.
The ice statue gestures at you. The freezing blast engulfs you!!
You emit a cloud of dark smoke.
Unknown command.
The ice statue gestures at you. The freezing blast engulfs you!!
* * * LOW HITPOINT WARNING * * *
Really walk into that cloud of freezing vapour?
Okay, then.
Blink to where?
Press: ? - help, Dir - move target
Okay, then.
The ice statue gestures at you. The bolt of cold misses you.
Okay, then.
The ice statue gestures at you. The freezing blast engulfs you!!
You die...

######## ##°○○.#.##
##○°##.†..####
#○○####..##∩..##
#§§###..####..∩#
##§§°##..# #....#
#@8§##...####...#
#§§§####.†.####..##
###§# ###.†.##...#
.#) ##...##..# . #
##......# #
###...## #####


You could see an ice statue.

Vanquished Creatures
  A hydra (Lair:3)
  A dancing weapon (Volcano)
  A two-headed ogre (D:8)
  An unseen horror (D:10)
  Nergalle (Lair:1)
  5 wizards (Volcano)
  An orb spider (Lair:2)
  5 toenail golems (Volcano)
  4 black mambas
  6 cane toads
  A rime drake (Lair:3)
  6 komodo dragons
  Grinder (D:5)
  3 polar bears
  8 blink frogs
  Eustachio (D:5)
  18 yaks
  2 wyverns
  13 water moccasins
  Duvessa (D:5)
  2 hell hounds (Lair:3)
  2 orc warriors
  3 ice beasts
  2 black bears
  3 sky beasts
  A phantom (D:10)
  9 wolves
  5 ogres
  4 centaurs
  A big kobold (D:8)
  Blork the orc (D:4)
  12 bullfrogs
  Dowan (D:5)
  A scorpion (D:10)
  2 howler monkeys (D:8)
  3 electric eels (D:10)
  5 orc priests
  3 hounds
  2 jellies
  A centaur skeleton (D:4)
  Crazy Yiuf (D:5)
  Ijyb (D:4)
  2 iguanas (D:7)
  8 orc wizards
  6 worker ants
  A hound skeleton (D:7)
  A worker ant zombie (D:10)
  8 adders
  4 gnolls (D:11)
  A shadow imp (D:6)
  An ooze (D:5)
  2 ufetubi
  4 worms
  4 dart slugs
  2 leopard geckos
  33 orcs
  12 bats
  A giant cockroach (D:8)
  4 goblins
  7 hobgoblins
  8 jackals
  14 kobolds
  4 quokkas
  A ball python (D:2)
  5 frilled lizards
  A jackal skeleton (D:8)
  A jackal zombie (D:5)
  6 rats
286 creatures vanquished.

Vanquished Creatures (others)
  A quokka (D:9)
  29 fungi
  90 plants
120 creatures vanquished.

Grand Total: 406 creatures vanquished

Notes
Turn   | Place    | Note
-------+----------+-------------------------------------------
     0 | D:1      | DearestLeader the Spriggan Enchanter began the quest for
                  | the Orb.
     0 | D:1      | Reached XP level 1. HP: 9/9 MP: 5/5
   198 | D:1      | Reached XP level 2. HP: 13/13 MP: 6/6
   556 | D:1      | Reached skill level 5 in Stealth
   785 | D:1      | Learned a level 2 spell: Ensorcelled Hibernation
   960 | D:1      | Reached XP level 3. HP: 14/16 MP: 2/8
  2472 | D:3      | Reached XP level 4. HP: 21/21 MP: 2/9
  3104 | D:3      | Found a radiant altar of Vehumet.
  3108 | D:3      | Found an opulent altar of Gozag.
  3108 | D:3      | Found a glowing silver altar of Zin.
  3111 | D:3      | Found an ancient bone altar of Kikubaaqudgha.
  3439 | D:3      | Found a glowing golden altar of the Shining One.
  3723 | D:4      | Noticed Ijyb
  3746 | D:5      | Entered Level 5 of the Dungeon
  3746 | D:5      | Noticed an orc warrior
  3761 | D:5      | Found a staircase to the Ecumenical Temple.
  3764 | D:5      | Noticed Dowan
  3765 | D:5      | Noticed Duvessa
  3804 | D:5      | Noticed Grinder
  3961 | D:5      | Reached skill level 6 in Stealth
  3961 | D:5      | Reached XP level 5. HP: 22/24 MP: 0/10
  4116 | D:5      | Noticed Eustachio
  4129 | Temple   | Entered the Ecumenical Temple
  4152 | Temple   | Became a worshipper of Dithmenos the Shadowed
  4387 | D:5      | Killed Eustachio
  4388 | D:5      | Reached skill level 5 in Short Blades
  4388 | D:5      | Reached skill level 7 in Stealth
  4388 | D:5      | Reached XP level 6. HP: 18/28 MP: 2/11
  4509 | D:5      | Killed an orc warrior
  4634 | D:4      | Killed Ijyb
  4635 | D:4      | Reached skill level 8 in Stealth
  4635 | D:4      | Reached XP level 7. HP: 22/32 MP: 0/12
  4869 | D:4      | Noticed Blork the orc
  5695 | D:4      | Learned a level 3 spell: Dazzling Flash
  5699 | D:4      | Learned a level 3 spell: Confusing Touch
  5778 | D:4      | Killed Blork the orc
  5817 | D:5      | Killed Duvessa
  5818 | D:5      | Reached skill level 5 in Hexes
  5820 | D:5      | Reached * piety under Dithmenos
  5835 | D:5      | Killed Dowan
  5836 | D:5      | Reached skill level 9 in Stealth
  5995 | D:5      | Killed Grinder
  5996 | D:5      | Reached XP level 8. HP: 28/36 MP: 10/13
  6726 | D:5      | Found a runed translucent gate.
  6726 | D:5      | Found a runed translucent gate.
  6726 | D:5      | Found a runed translucent gate.
  6729 | D:5      | Noticed Tiagovsky's ghost (novice GrEE)
  6867 | D:5      | Found a runed translucent door.
  6868 | D:5      | Noticed Crazy Yiuf
  7203 | D:5      | Killed Crazy Yiuf
  7360 | D:6      | Reached skill level 10 in Stealth
  8078 | D:7      | Reached XP level 9. HP: 39/39 MP: 14/14
  8089 | D:7      | You fall into a shaft and drop 2 floors!
  8312 | D:9      | Reached ** piety under Dithmenos
  8500 | D:9      | Learned a level 3 spell: Mephitic Cloud
  8577 | D:9      | Found a white marble altar of Elyvilon.
  8898 | D:9      | Noticed a troll
  9652 | D:7      | Reached skill level 11 in Stealth
 10105 | D:8      | Reached skill level 10 in Hexes
 10205 | D:8      | Noticed a two-headed ogre
 10268 | D:8      | Noticed a moth of wrath
 10396 | D:8      | Found a transporter.
 10398 | D:8      | Noticed kalagan's ghost (novice DECj)
 10403 | D:8      | Found a transporter.
 10404 | D:8      | Found a bloodstained altar of Trog.
 11317 | D:8      | Killed a two-headed ogre
 11318 | D:8      | Reached skill level 12 in Stealth
 11425 | D:9      | Reached XP level 10. HP: 44/44 MP: 15/15
 11789 | D:10     | Entered Level 10 of the Dungeon
 11873 | D:10     | Found a staircase to the Lair.
 11986 | D:10     | Noticed an unseen horror
 12043 | D:10     | Killed an unseen horror
 12356 | D:10     | Reached skill level 5 in Dodging
 12654 | D:10     | Reached skill level 10 in Short Blades
 12867 | D:10     | Found a shimmering blue altar of Sif Muna.
 13286 | D:10     | Reached skill level 13 in Stealth
 13437 | D:10     | Reached *** piety under Dithmenos
 13504 | D:10     | Got a fading scythe
 13951 | D:11     | Found a flagged portal.
 13969 | Bailey   | Entered a bailey
 14462 | Lair:1   | Entered Level 1 of the Lair of Beasts
 14463 | Lair:1   | Noticed a cane toad
 14476 | Lair:1   | Reached skill level 1 in Poison Magic
 14542 | Lair:1   | Noticed Nergalle
 14550 | Lair:1   | Killed Nergalle
 14553 | Lair:1   | Killed a cane toad
 14621 | Lair:1   | Reached XP level 11. HP: 47/47 MP: 10/17
 15269 | Lair:1   | Reached skill level 1 in Invocations
 15483 | Lair:1   | Got a warped trident
 15754 | Lair:2   | Reached **** piety under Dithmenos
 15872 | Lair:2   | Reached skill level 5 in Spellcasting
 15930 | Lair:2   | Reached skill level 14 in Stealth
 15930 | Lair:2   | Reached skill level 5 in Poison Magic
 16246 | Lair:2   | Learned a level 5 spell: Metabolic Englaciation
 16302 | Lair:2   | Found a gate leading to a gauntlet.
 16906 | Lair:2   | Found a hole to the Spider Nest.
 16906 | Lair:2   | Noticed an orb spider
 17034 | Lair:2   | Killed an orb spider
 17227 | Lair:3   | Found a dark tunnel.
 17237 | Volcano  | Entered a volcano
 17240 | Volcano  | Noticed a wizard
 17243 | Volcano  | Killed a wizard
 17244 | Volcano  | Reached XP level 12. HP: 51/51 MP: 17/22
 17635 | Volcano  | Reached skill level 15 in Stealth
 17788 | Lair:3   | Noticed a seven-headed hydra
 17794 | Lair:3   | Killed a seven-headed hydra
 17795 | Lair:3   | Reached skill level 10 in Dodging
 17980 | Lair:3   | Reached ***** piety under Dithmenos
 17981 | Lair:3   | Reached skill level 5 in Invocations
 18737 | Lair:4   | Found a frozen archway.
 18755 | IceCv    | Entered an ice cave
 18896 | IceCv    | Killed from afar by an ice statue

Illustrated notes

Levels and vault maps discovered:
D:1:      lightli_arrival_farm, layout_basic, minmay_misc_feat_rugged,
          minmay_tall_x
D:2:      layout_loops_ring, grunt_ministairs_1, grunt_decor_one_mirror
D:3:      layout_loops_cross, grunt_temple_overflow_open, tso_oasis_becter,
          kennysheep_crisscross, kennysheep_decorative_pillar, minmay_vboxes
D:4:      layout_loops_ring, portal_sewer_entry_d, uniq_blork_the_orc, uniq_ijyb
D:5:      layout_basic, minmay_temple_entry_large_hall,
          gammafunk_ghost_nasty_kobolds, grunt_ministairs_1, uniq_grinder,
          uniq_duvessa, uniq_crazy_yiuf_cottage, uniq_eustachio
D:6:      cheibrodos_quashed, layout_cave_pools
D:7:      layout_basic
D:8:      layout_basic, gammafunk_ghost_wrathful_warriors, minmay_crystal_water
D:9:      layout_basic, elyvilon_altar_4, chequers_serial_rivers_micro_b
D:10:     layout_basic, due_lair_maze_entry_diamond, basic_altar
D:11:     layout_grid_maze, hiddenorc2_lemuel, lightli_bailey_entry_fortress,
          okawaru_ov_weapons_minmay
Temple:   regret_index_temple_sphere_string
Lair:1:   layout_regular_city, chequers_serial_rivers_marsh, uniq_nergalle
Lair:2:   layout_cave_pods, nicolae_spider_entry_orb_guardian,
          gauntlet_entry_generic, cheibrodos_lair_lostbears,
          serial_bayou_shore_b, serial_bayou_shore_b
Lair:3:   minmay_lair_oklob_tunnel, layout_misc_corridors, enter_volcano_3,
          grunt_megastairs_4
Lair:4:   layout_regular_city, minmay_swamp_entry_reptiles,
          portal_ice_cave_entry_pillars_1, nicolae_quartered_pool_super
IceCv:    ice_cave_caverns_03

Skill      XL: |  1  2  3  4  5  6  7  8  9 10 11 12 |
---------------+-------------------------------------+-----
Short Blades   | 2 3 4 5 6 7 8 9 10 | 10.0
Stealth        | 5 6 7 8 9 10 12 13 14 15 | 15.6
Hexes          | 4 6 8 10 12 13 | 13.9
Spellcasting   | 3 6 8 |  8.1
Dodging        | 6 8 10 | 10.7
Poison Magic   | 2 5 |  5.0
Invocations    | 3 5 |  5.4

Action                   |  1- 3 |  4- 6 |  7- 9 | 10-12 || total
-------------------------+-------+-------+-------+-------++-------
Melee: Dagger            |   143 |   102 |   211 |   292 ||   748
Throw: Dart              |       |     3 |     3 |    13 ||    19
 Cast: Corona            |    16 |     3 |     4 |       ||    23
       Ensorcelled Hiber |    14 |    32 |    83 |    98 ||   227
       Confusing Touch   |       |       |     7 |     2 ||     9
       Dazzling Flash    |       |       |     2 |     8 ||    10
       Mephitic Cloud    |       |       |       |     2 ||     2
Evoke: Wand              |       |       |       |     1 ||     1
  Use: Scroll            |       |     7 |    10 |     5 ||    22
       Potion            |       |       |     1 |     1 ||     2
 Stab: Sleeping          |    26 |    18 |    55 |   100 ||   199
       Confused          |       |       |     8 |     1 ||     9
       Distracted        |       |       |     2 |     5 ||     7
       Invisible         |       |       |     3 |     6 ||     9
Armor: Robe              |    19 |     2 |     8 |     3 ||    32
Dodge: Dodged            |   184 |    56 |   132 |   157 ||   529
Block: Other             |       |       |    11 |    38 ||    49
       Reflection        |       |       |     1 |     1 ||     2
